| TOP OF THE 1ST |
|
Oklahoma City Dodgers batting - Pitching for Albuquerque Isotopes : RHP Junzo Yanagisawa
|
|
Pitching: RHP Junzo Yanagisawa
|
|
|
Batting: RHB Theo Schepers
|
0-0: Swinging Strike 0-1: Ball 1-1: Called Strike 1-2: Foul Ball, location: 2F 1-2: Ball 2-2: Fly out, F8 (Flyball, 8RM, EV 91.2 MPH)
|
|
Batting: RHB Jason Baldwin
|
0-0: Foul Ball, location: 2F 0-1: Ball 1-1: Swinging Strike 1-2: Strikes out looking
|
|
Batting: RHB Tommy Hunter
|
0-0: Ground out 6-3 (Groundball, 6, EV 100.6 MPH)
|
| Top of the 1st over - 0 runs, 0 hits, 0 errors, 0 left on base; Oklahoma City 0 - Albuquerque 0 |
| BOTTOM OF THE 1ST |
|
Albuquerque Isotopes batting - Pitching for Oklahoma City Dodgers : LHP Jonathan Daniels
|
|
Pitching: LHP Jonathan Daniels
|
|
|
Batting: RHB Sadataka Kuwahara
|
0-0: Ball 1-0: Fly out, F8 (Line Drive, 8RD, EV 98.8 MPH)
|
|
Batting: LHB Jason Raker
|
0-0: Ball 1-0: Foul Ball, location: 2F 1-1: Foul Ball, location: 2F 1-2: Ground out 5-3 (Groundball, 56, EV 97.5 MPH)
|
|
Batting: RHB Adrian Rudkilde
|
0-0: Ball 1-0: Foul Ball, location: 2F 1-1: SINGLE (Line Drive, 7S, EV 91.9 MPH)
|
|
Batting: SHB Orlando Torres
|
0-0: Ball 1-0: Swinging Strike 1-1: Foul Ball, location: 2F 1-2: Ball Passed Ball! Adrian Rudkilde to second 2-2: Foul Ball, location: 2F 2-2: SINGLE (Groundball, P, EV 88.1 MPH) (infield hit) Adrian Rudkilde to third
|
|
Batting: RHB Chris King
|
0-0: Called Strike 0-1: Foul Ball, location: 2F 0-2: Ball 1-2: Ball 2-2: Fly out, F8 (Flyball, 8RD, EV 101.9 MPH)
|
| Bottom of the 1st over - 0 runs, 2 hits, 0 errors, 2 left on base; Oklahoma City 0 - Albuquerque 0 |
| TOP OF THE 2ND |
|
Oklahoma City Dodgers batting - Pitching for Albuquerque Isotopes : RHP Junzo Yanagisawa
|
|
Batting: RHB Carlos Gonzalez
|
0-0: Called Strike 0-1: Swinging Strike 0-2: Strikes out swinging
|
|
Batting: RHB Alex Cid
|
0-0: Ground out 5-3 (Groundball, 56S, EV 87.5 MPH)
|
|
Batting: LHB Ryan Murdock
|
0-0: Ball 1-0: Ball 2-0: Swinging Strike 2-1: Ball 3-1: Foul Ball, location: 2F 3-2: Foul Ball, location: 2F 3-2: SOLO HOME RUN (Flyball, 9D, EV 103.1 MPH), Distance : 406 ft
|
|
Batting: LHB Darrell Ortega
|
0-0: Foul Ball, location: 2F 0-1: Ball 1-1: Called Strike 1-2: Ball 2-2: Foul Ball, location: 2F 2-2: Foul Ball, location: 2F 2-2: Ball 3-2: Base on Balls
|
|
Batting: LHB Doug Frampton
|
0-0: Ball 1-0: Foul Ball, location: 2F 1-1: Foul Ball, location: 2F 1-2: Strikes out looking
|
| Top of the 2nd over - 1 run, 1 hit, 0 errors, 1 left on base; Oklahoma City 1 - Albuquerque 0 |
| BOTTOM OF THE 2ND |
|
Albuquerque Isotopes batting - Pitching for Oklahoma City Dodgers : LHP Jonathan Daniels
|
|
Batting: RHB Jerry Sanchez
|
0-0: Called Strike 0-1: Foul Ball, location: 2F 0-2: Ball 1-2: Ball 2-2: Ground out 5-3 (Groundball, 5L, EV 91.2 MPH)
|
|
Batting: SHB D.J. Codd
|
0-0: Ball 1-0: Ball 2-0: Swinging Strike 2-1: Called Strike 2-2: Ball 3-2: Foul Ball, location: 2F 3-2: Foul Ball, location: 2F 3-2: Strikes out swinging
|
|
Batting: RHB Ben Taylor
|
0-0: Ball 1-0: Foul Ball, location: 2F 1-1: Called Strike 1-2: Strikes out swinging
|
| Bottom of the 2nd over - 0 runs, 0 hits, 0 errors, 0 left on base; Oklahoma City 1 - Albuquerque 0 |
| TOP OF THE 3RD |
|
Oklahoma City Dodgers batting - Pitching for Albuquerque Isotopes : RHP Junzo Yanagisawa
|
|
Batting: RHB Kevin Ezell
|
0-0: Called Strike 0-1: Called Strike 0-2: Strikes out swinging
|
|
Batting: RHB Theo Schepers
|
0-0: Called Strike 0-1: Ground out 6-3 (Groundball, 6S, EV 88.8 MPH)
|
|
Batting: RHB Jason Baldwin
|
0-0: Called Strike 0-1: Called Strike 0-2: SINGLE (Flyball, 8LS, EV 86.9 MPH)
|
|
Batting: RHB Tommy Hunter
|
0-0: Called Strike 0-1: Ball 1-1: Called Strike 1-2: SINGLE (Groundball, 23, EV 64.4 MPH) (infield hit) Jason Baldwin to second
|
|
Batting: RHB Carlos Gonzalez
|
0-0: Foul Ball, location: 2F 0-1: Ball 1-1: Fielders Choice at 2nd, 6-4 (Groundball, 6, EV 101.9 MPH)
|
| Top of the 3rd over - 0 runs, 2 hits, 0 errors, 2 left on base; Oklahoma City 1 - Albuquerque 0 |
| BOTTOM OF THE 3RD |
|
Albuquerque Isotopes batting - Pitching for Oklahoma City Dodgers : LHP Jonathan Daniels
|
|
Batting: RHB Herb McIntyre
|
0-0: Called Strike 0-1: Ball 1-1: Ball 2-1: Foul Ball, location: 2F 2-2: Strikes out looking
|
|
Batting: RHB Sadataka Kuwahara
|
0-0: Called Strike 0-1: Ball 1-1: Foul Ball, location: 2F 1-2: Strikes out swinging
|
|
Batting: LHB Jason Raker
|
0-0: Ball 1-0: Ground out 3-1 (Groundball, 34S, EV 82.5 MPH)
|
| Bottom of the 3rd over - 0 runs, 0 hits, 0 errors, 0 left on base; Oklahoma City 1 - Albuquerque 0 |
| TOP OF THE 4TH |
|
Oklahoma City Dodgers batting - Pitching for Albuquerque Isotopes : RHP Junzo Yanagisawa
|
|
Batting: RHB Alex Cid
|
0-0: Ball 1-0: Ball 2-0: Called Strike 2-1: Ground out U3 (Groundball, 34, EV 90.0 MPH)
|
|
Batting: LHB Ryan Murdock
|
0-0: Ball 1-0: Foul Ball, location: 2F 1-1: Ground out U3 (Groundball, 34, EV 83.8 MPH)
|
|
Batting: LHB Darrell Ortega
|
0-0: Ball 1-0: Ball 2-0: Ball 3-0: Called Strike 3-1: Called Strike 3-2: Fly out, F5 (Popup, 56, EV 60.6 MPH)
|
| Top of the 4th over - 0 runs, 0 hits, 0 errors, 0 left on base; Oklahoma City 1 - Albuquerque 0 |
| BOTTOM OF THE 4TH |
|
Albuquerque Isotopes batting - Pitching for Oklahoma City Dodgers : LHP Jonathan Daniels
|
|
Batting: RHB Adrian Rudkilde
|
0-0: Ball 1-0: Ball 2-0: Foul Ball, location: 2F 2-1: Ball 3-1: Base on Balls
|
|
Batting: SHB Orlando Torres
|
0-0: Ball Adrian Rudkilde steals 2nd base 1-0: Ground out 5-3 (Groundball, 56, EV 78.8 MPH)
|
|
Batting: RHB Chris King
|
0-0: Foul Ball, location: 2F 0-1: Ground out 3-1 (Groundball, 34S, EV 80.6 MPH) Adrian Rudkilde to third
|
|
Batting: RHB Jerry Sanchez
|
0-0: Foul Ball, location: 2F 0-1: Swinging Strike 0-2: Ball 1-2: Ball 2-2: Ball 3-2: Strikes out swinging
|
| Bottom of the 4th over - 0 runs, 0 hits, 0 errors, 1 left on base; Oklahoma City 1 - Albuquerque 0 |
| TOP OF THE 5TH |
|
Oklahoma City Dodgers batting - Pitching for Albuquerque Isotopes : RHP Junzo Yanagisawa
|
|
Batting: LHB Doug Frampton
|
0-0: Foul Ball, location: 2F 0-1: Foul Ball, location: 2F 0-2: Strikes out swinging
|
|
Batting: RHB Kevin Ezell
|
0-0: Foul Ball, location: 2F 0-1: Ball 1-1: Ball 2-1: Called Strike 2-2: Strikes out swinging
|
|
Batting: RHB Theo Schepers
|
0-0: Ball 1-0: Fly out, F9 (Line Drive, 9S, EV 88.1 MPH)
|
| Top of the 5th over - 0 runs, 0 hits, 0 errors, 0 left on base; Oklahoma City 1 - Albuquerque 0 |
| BOTTOM OF THE 5TH |
|
Albuquerque Isotopes batting - Pitching for Oklahoma City Dodgers : LHP Jonathan Daniels
|
|
Batting: SHB D.J. Codd
|
0-0: Reached on error, E5 (Groundball, 56, EV 100.6 MPH)
|
|
Batting: RHB Ben Taylor
|
0-0: Ball 1-0: Ball 2-0: Called Strike 2-1: Foul Ball, location: 2F 2-2: Hit by Pitch
|
|
Batting: RHB Herb McIntyre
|
0-0: Ball 1-0: Grounds into double play, 5-4-3 (Groundball, 56, EV 95.6 MPH) D.J. Codd to third
|
|
Batting: RHB Sadataka Kuwahara
|
0-0: Ball 1-0: Ball 2-0: Ball 3-0: Called Strike 3-1: Called Strike 3-2: Foul Ball, location: 2F 3-2: Base on Balls
|
|
Batting: LHB Jason Raker
|
0-0: Ball 1-0: Ball 2-0: Ground out 4-3 (Groundball, 4, EV 95.6 MPH)
|
| Bottom of the 5th over - 0 runs, 0 hits, 1 error, 2 left on base; Oklahoma City 1 - Albuquerque 0 |
| TOP OF THE 6TH |
|
Oklahoma City Dodgers batting - Pitching for Albuquerque Isotopes : RHP Junzo Yanagisawa
|
|
Batting: RHB Jason Baldwin
|
0-0: Called Strike 0-1: DOUBLE (Line Drive, 7LM, EV 101.9 MPH)
|
|
Batting: RHB Tommy Hunter
|
0-0: Fly out, F9 (Flyball, 9LS, EV 83.1 MPH)
|
|
Batting: RHB Carlos Gonzalez
|
0-0: Ball 1-0: SINGLE (Line Drive, 9S, EV 103.1 MPH) Jason Baldwin to third Runner from 3rd tries for Home, SAFE, throw by RF to home Carlos Gonzalez to second
|
|
Batting: RHB Alex Cid
|
0-0: Ball 1-0: Ground out 5-3 (Groundball, 56, EV 90.0 MPH)
|
|
Batting: LHB Ryan Murdock
|
0-0: Called Strike 0-1: Foul Ball, location: 2F 0-2: Strikes out swinging
|
| Top of the 6th over - 1 run, 2 hits, 0 errors, 1 left on base; Oklahoma City 2 - Albuquerque 0 |
| BOTTOM OF THE 6TH |
|
Albuquerque Isotopes batting - Pitching for Oklahoma City Dodgers : LHP Jonathan Daniels
|
|
Pitching: RHP Paulo Guincho
|
|
|
Batting: RHB Adrian Rudkilde
|
0-0: Ground out 5-3 (Groundball, 56S, EV 86.9 MPH)
|
|
Batting: SHB Orlando Torres
|
0-0: Fly out, F6 (Popup, 6D, EV 70.6 MPH)
|
|
Batting: RHB Chris King
|
0-0: Ball 1-0: Ball 2-0: Foul Ball, location: 2F 2-1: Ball 3-1: Foul Ball, location: 2F 3-2: Foul Ball, location: 2F 3-2: Base on Balls
|
|
Batting: RHB Jerry Sanchez
|
0-0: Called Strike 0-1: SINGLE (Groundball, 56D, EV 106.9 MPH) Chris King to second
|
|
Batting: SHB D.J. Codd
|
0-0: Ball 1-0: Ball 2-0: Foul Ball, location: 2F 2-1: Ball 3-1: Base on Balls Chris King to third Jerry Sanchez to second
|
|
Batting: RHB Ben Taylor
|
0-0: Called Strike 0-1: Swinging Strike 0-2: Ball 1-2: Ball 2-2: Foul Ball, location: 2F 2-2: Fly out, F8 (Flyball, 8LD, EV 100.6 MPH)
|
| Bottom of the 6th over - 0 runs, 1 hit, 0 errors, 3 left on base; Oklahoma City 2 - Albuquerque 0 |
| TOP OF THE 7TH |
|
Oklahoma City Dodgers batting - Pitching for Albuquerque Isotopes : RHP Junzo Yanagisawa
|
|
Batting: LHB Darrell Ortega
|
0-0: Ball 1-0: Ball 2-0: Called Strike 2-1: Ball 3-1: SINGLE (Groundball, 4MD, EV 95.6 MPH)
|
|
Batting: LHB Doug Frampton
|
0-0: Ball Darrell Ortega steals 2nd, throwing error, E2 Darrell Ortega to third 1-0: Ball 2-0: Fly out, F7 (Flyball, 7LD, EV 108.8 MPH) Runner from 3rd tags up, SCORES, no throw by LF
|
|
Batting: RHB Kevin Ezell
|
0-0: Called Strike 0-1: Ball 1-1: Ground out 5-3 (Groundball, 56, EV 91.2 MPH)
|
|
Batting: RHB Theo Schepers
|
0-0: SINGLE (Groundball, 6, EV 106.9 MPH)
|
|
Batting: RHB Jason Baldwin
|
0-0: Called Strike 0-1: Ball 1-1: Called Strike Theo Schepers steals 2nd base 1-2: SINGLE (Groundball, 6D, EV 100.0 MPH) Theo Schepers to third Runner from 3rd tries for Home, SAFE, throw by LF to home
|
|
Pitching: RHP Sal Contreras
|
|
|
Batting: RHB Tommy Hunter
|
0-0: Called Strike 0-1: Ball 1-1: Ball 2-1: Fielders Choice at 2nd, 6-4 (Groundball, 6, EV 95.6 MPH)
|
| Top of the 7th over - 2 runs, 3 hits, 1 error, 1 left on base; Oklahoma City 4 - Albuquerque 0 |
| BOTTOM OF THE 7TH |
|
Albuquerque Isotopes batting - Pitching for Oklahoma City Dodgers : RHP Paulo Guincho
|
|
Batting: RHB Herb McIntyre
|
0-0: Called Strike 0-1: Ball 1-1: Called Strike 1-2: Ball 2-2: Foul Ball, location: 2F 2-2: Foul Ball, location: 2F 2-2: Strikes out swinging
|
|
Batting: RHB Sadataka Kuwahara
|
0-0: Ball 1-0: Called Strike 1-1: Ball 2-1: Ball 3-1: Called Strike 3-2: Base on Balls
|
|
Batting: LHB Jason Raker
|
0-0: Called Strike Sadataka Kuwahara steals 2nd base 0-1: Called Strike 0-2: Ball 1-2: SINGLE (Line Drive, 9S, EV 103.8 MPH) Sadataka Kuwahara to third Runner from 3rd tries for Home, SAFE, throw by RF to home Jason Raker to second
|
|
Batting: RHB Adrian Rudkilde
|
0-0: Fly out, F9 (Flyball, 9LSF, EV 72.5 MPH)
|
|
Batting: SHB Orlando Torres
|
0-0: Ball 1-0: Ball 2-0: Fly out, F3 (Popup, 3SF, EV 66.2 MPH)
|
| Bottom of the 7th over - 1 run, 1 hit, 0 errors, 1 left on base; Oklahoma City 4 - Albuquerque 1 |
| TOP OF THE 8TH |
|
Oklahoma City Dodgers batting - Pitching for Albuquerque Isotopes : RHP Sal Contreras
|
|
Batting: RHB Carlos Gonzalez
|
0-0: Ball 1-0: Ball 2-0: Called Strike 2-1: Swinging Strike 2-2: SOLO HOME RUN (Flyball, 9D, EV 103.8 MPH), Distance : 396 ft
|
|
Batting: RHB Alex Cid
|
0-0: Ball 1-0: Ball 2-0: Ball 3-0: Base on Balls
|
|
Batting: LHB Ryan Murdock
|
0-0: Called Strike 0-1: Called Strike 0-2: Ball 1-2: Strikes out swinging
|
|
Batting: LHB Darrell Ortega
|
0-0: Foul Ball, location: 2F 0-1: Swinging Strike 0-2: Ball 1-2: Ball 2-2: Foul Ball, location: 2F 2-2: Ball 3-2: Foul Ball, location: 2F 3-2: Foul Ball, location: 2F 3-2: Foul Ball, location: 2F Balk! Alex Cid to second 3-2: Base on Balls
|
|
Batting: LHB Doug Frampton
|
0-0: Called Strike 0-1: Foul Ball, location: 2F 0-2: Ball Wild Pitch! Alex Cid to third Darrell Ortega to second 1-2: Strikes out swinging
|
|
Batting: RHB Kevin Ezell
|
0-0: Foul Ball, location: 2F 0-1: Ground out U3 (Groundball, 34, EV 108.8 MPH)
|
| Top of the 8th over - 1 run, 1 hit, 0 errors, 2 left on base; Oklahoma City 5 - Albuquerque 1 |
| BOTTOM OF THE 8TH |
|
Albuquerque Isotopes batting - Pitching for Oklahoma City Dodgers : RHP Paulo Guincho
|
|
Pitching: RHP Miguel Martinez
|
|
|
Batting: RHB Chris King
|
0-0: Ball 1-0: Foul Ball, location: 2F 1-1: Foul Ball, location: 2F 1-2: Ball 2-2: Ball 3-2: SINGLE (Line Drive, 78S, EV 91.9 MPH)
|
|
Pinch Hitting: SHB Jamel Wright
|
0-0: Called Strike 0-1: Foul Ball, location: 2F 0-2: Ball 1-2: Ball 2-2: Fielders Choice at 2nd, 5-4 (Groundball, 56, EV 83.1 MPH)
|
|
Batting: SHB D.J. Codd
|
0-0: Foul Ball, location: 2F 0-1: Swinging Strike 0-2: Ball 1-2: Foul Ball, location: 2F 1-2: Strikes out looking
|
|
Batting: RHB Ben Taylor
|
0-0: Ball Wild Pitch! Jamel Wright to second 1-0: Swinging Strike 1-1: Ball 2-1: Ground out 5-3 (Groundball, 56, EV 94.4 MPH)
|
| Bottom of the 8th over - 0 runs, 1 hit, 0 errors, 1 left on base; Oklahoma City 5 - Albuquerque 1 |
| TOP OF THE 9TH |
|
Oklahoma City Dodgers batting - Pitching for Albuquerque Isotopes : RHP Sal Contreras
|
|
Pitching: LHP Matt Wojtkiewicz
|
|
|
Now at SS: Vinny Estrada
|
|
|
Batting: RHB Theo Schepers
|
0-0: Ball 1-0: Foul Ball, location: 2F 1-1: Ball 2-1: Ball 3-1: Base on Balls
|
|
Batting: RHB Jason Baldwin
|
0-0: Ball 1-0: Sac Bunt to 3S - play at first, batter OUT! 3-1 Theo Schepers to second
|
|
Batting: RHB Tommy Hunter
|
0-0: Ball 1-0: Fly out, F8 (Flyball, 8LM, EV 78.8 MPH)
|
|
Batting: RHB Carlos Gonzalez
|
0-0: Called Strike 0-1: Called Strike 0-2: Strikes out swinging
|
| Top of the 9th over - 0 runs, 0 hits, 0 errors, 1 left on base; Oklahoma City 5 - Albuquerque 1 |
| BOTTOM OF THE 9TH |
|
Albuquerque Isotopes batting - Pitching for Oklahoma City Dodgers : RHP Miguel Martinez
|
|
Pitching: RHP Jared Wisham
|
|
|
Batting: RHB Herb McIntyre
|
0-0: Ball 1-0: Foul Ball, location: 2F 1-1: Ball 2-1: Ball 3-1: Ground out 6-3 (Groundball, 6, EV 86.2 MPH)
|
|
Batting: RHB Sadataka Kuwahara
|
0-0: Ball 1-0: Ball 2-0: Called Strike 2-1: Ball 3-1: Called Strike 3-2: Fly out, F5 (Popup, 5F, EV 60.0 MPH)
|
|
Batting: LHB Jason Raker
|
0-0: SINGLE (Flyball, 8LS, EV 90.0 MPH)
|
|
Batting: RHB Adrian Rudkilde
|
0-0: Called Strike 0-1: Ball 1-1: Foul Ball, location: 2F 1-2: SINGLE (Groundball, 6MD, EV 96.2 MPH) Jason Raker to second
|
|
Batting: SHB Orlando Torres
|
0-0: Ball 1-0: Swinging Strike 1-1: Called Strike 1-2: Ball 2-2: Foul Ball, location: 2F 2-2: Strikes out swinging
|
| Bottom of the 9th over - 0 runs, 2 hits, 0 errors, 2 left on base; Oklahoma City 5 - Albuquerque 1 |
|